 Dungeon Crawl Stone Soup version 0.29.1-15-g9cfb28693d (webtiles) character file.

Game seed: 94740048767058966

15 AsherAssaf the Sneak (level 2, 0/15 HPs)
             Began as a Spriggan Brigand on Apr 1, 2023.
             Blown up by Ijyb (15 damage)
             ... with a mindburst bolt
             ... on level 4 of the Dungeon.
             The game lasted 00:03:51 (810 turns).

AsherAssaf the Sneak (Spriggan Brigand)              Turns: 810, Time: 00:03:52

Health: 0/15       AC:  5    Str:  7    XL:     2   Next: 34%
Magic:  3/3        EV: 16    Int: 12    God:
Gold:   89         SH:  0    Dex: 16    Spells: 1/1 levels left

rFire   . . .      SeeInvis +   a - +2 dagger
rCold   . . .      Faith    .   (no shield)
rNeg    . . .      Spirit   .   b - +1 robe
rPois   .          Reflect  .   (helmet restricted)
rElec   .          Harm     .   c - +1 cloak
rCorr   .          Rampage  .   (gloves unavailable)
Will    .....                   (boots unavailable)
Stlth   +++.......              (no amulet)
HPRegen 0.05/turn               (no ring)
MPRegen 0.08/turn               (no ring)

@: very quick
A: very small, no large weapons, unfitting armour, see invisible, speed 3
a: no special abilities


You were on level 4 of the Dungeon.
You visited 1 branch of the dungeon, and saw 4 of its levels.

You collected 89 gold pieces.

Inventory:

Hand Weapons
 a - a +2 dagger (weapon)
Missiles
 d - 18 poisoned darts (quivered)
 e - 3 curare-tipped darts
Armour
 b - a +1 robe (worn)
 c - a +1 cloak (worn)
 g - a +0 leather armour
Scrolls
 f - a scroll of identify {unknown}
 h - a scroll of fear
 l - a scroll of summoning {unknown}
Potions
 i - a potion of curing {unknown}
 j - a potion of degeneration {unknown}
 k - a potion of lignification {unknown}


   Skills:
 * Level 1.6 Fighting
 * Level 2.3 Short Blades
 * Level 2.1 Throwing
 * Level 0.1 Armour
 * Level 1.7 Dodging
 * Level 6.3 Stealth
 * Level 0.1 Spellcasting


You had one spell level left.
You didn't know any spells.
Your spell library was empty.

Dungeon Overview and Level Annotations

Branches:
Dungeon (4/15)
 Temple: D:4-7

Altars:
Okawaru
Yredelemnul

Annotations:
D:3 2 transporters, Agrostarius's ghost, amateur HOBe
D:4 Ijyb


Innate Abilities, Weirdness & Mutations

You are very small and have problems with some larger weapons.
You are too small for most types of armour.
You have supernaturally acute eyesight. (SInv)
You cover ground extremely quickly. (Speed+++)


Message History

A kobold comes into view.
It is wielding a +0 club and quivering poisoned darts.
There is a stone staircase leading down here.
You see here a fuming purple potion.
k - a fuming purple potion
There is a stone staircase leading down here.
The kobold shouts!
The kobold misses you.
You barely miss the kobold. You hit the kobold.
The kobold is severely wounded.
The kobold misses you.
You hit the kobold.
You kill the kobold!
d - 18 poisoned darts (gained 4)
Things that are here:
a +0 club; a kobold corpse A kobold comes into view.
It is wielding a +0 short sword.
Found 17 gold pieces.
An orc comes into view. It is wielding a +0 whip.
Found a scroll labelled ZADIANAF HING.
The orc shouts!
A hound comes into view.
There is a stone staircase leading up here.
You open the door.
Found a war axe.
Found a falchion.
There is an open door here.
Found a scroll labelled ZICHANGALYM.
Found a basalt altar of Yredelemnul.
You see here a +0 war axe.
Found 11 gold pieces.
Found a chain mail.
l - a scroll labelled ZICHANGALYM You now have 89 gold pieces (gained 11).
You see here 8 stones.
Ijyb the Twisted Goblin comes into view.
She is wielding a +0 club and carrying a wand of mindburst (12).
The orc shouts!
Ijyb zaps a wand.
Your mind is blasted!
Ouch! That really hurt!
You die...

#.# #.# #.# #)# #######.#
#.###.# #.#
........####.....###########.#
.......o..............<.....>#
....$..###############.#####.#
....... #.# #.# #h.?... #.#
#.# #..o##. ###########.# #.#
#...##'#####.@...g.o.#.# #.#
#.. #........#######.#.# ###.#
#. #........# #.#.#...#.#
#........# #.#.#.# #.#
#..[.....# #.....# #.......##
#####'### #.......# ##......#
#......(#####.......#
#...................#


You could see Ijyb and an orc.

Vanquished Creatures
  A giant cockroach (D:2)
  A goblin (D:1)
  A hobgoblin (D:2)
  2 jackals (D:1)
  2 ball pythons
  2 frilled lizards
  6 kobolds
  A rat (D:1)
16 creatures vanquished.

Notes
Turn   | Place    | Note
-------+----------+-------------------------------------------
     0 | D:1      | AsherAssaf the Spriggan Brigand began the quest for the
                  | Orb.
     0 | D:1      | Reached XP level 1. HP: 10/10 MP: 2/2
    31 | D:1      | Reached skill level 6 in Stealth
   319 | D:2      | Reached XP level 2. HP: 14/14 MP: 3/3
   488 | D:3      | Found an iron altar of Okawaru.
   560 | D:3      | Noticed a bullfrog
   577 | D:3      | Found a transporter.
   577 | D:3      | Noticed Agrostarius's ghost (amateur HOBe)
   578 | D:3      | Noticed a wight
   581 | D:3      | Found a transporter.
   781 | D:4      | Found a basalt altar of Yredelemnul.
   808 | D:4      | Noticed Ijyb
   810 | D:4      | Blown up by Ijyb

Illustrated notes

Levels and vault maps discovered:
D:1:      amcnicky_arrival_abandoned_market, layout_basic
D:2:      layout_loops_ring, uniq_crazy_yiuf_cottage, uniq_robin
D:3:      minmay_thinvault, layout_loops_ring, okawaru_altar_gauntlet_db,
          gammafunk_ghost_arena, corexii_corridor_pit, lightli_corner_chamber
D:4:      layout_basic, mainiacjoe_overflow_paths, mainiacjoe_overflow_chevrons,
          lemuel_tele_altar, uniq_ijyb

Skill      XL: |  1 |
---------------+----+-----
Stealth        | 6 |  6.3
Fighting       | |  1.6
Short Blades   | |  2.3
Throwing       | |  2.1
Armour         | |  0.1
Dodging        | |  1.7
Spellcasting   | |  0.1

Action                   || total
-------------------------++-------
Melee: Dagger            ||    35
Throw: Dart              ||    12
  Use: Scroll            ||     4
 Stab: Sleeping          ||     4
Armor: Robe              ||     9
Dodge: Dodged            ||    18
